 Dungeon Crawl Stone Soup version 0.24-a0-788-g2b66604 (webtiles) character file.

Game seed: 15473538761697613419, levelgen mode: deterministic

400760 robertstho the Slayer (level 23, -4/164 HPs)
             Began as a Gargoyle Monk on Oct 8, 2019.
             Was the Champion of the Shining One.
             Killed from afar by an ancient lich (50 damage)
             ... with a crystal spear
             ... on level 3 of the Abyss on Oct 9, 2019.
             The game lasted 01:53:33 (40083 turns).

robertstho the Slayer (Gargoyle Monk)              Turns: 40083, Time: 01:53:34

Health: -4/164     AC: 56    Str: 23    XL:     23   Next: 30%
Magic:  26/31      EV: 12    Int: 13    God:    the Shining One [******]
Gold:   2404       SH: 16    Dex: 29    Spells: 22/22 levels left

rFire    + + +     SeeInvis +   W - +9 sacred scourge (holy)
rCold    + + .     Gourm    .   M - +0 shield {reflect}
rNeg     + + +     Faith    .   T - +9 scales of the Dragon King {rPois rF+ rC+ MR+}
rPois    ∞         Spirit   .   d - +2 hat
rElec    +         Reflect  +   G - +2 cloak
rCorr    .         Harm     .   w - +2 pair of gloves {Dex+3}
MR       +++++                  C - +0 pair of boots of Panentheism {MR++ Dex+3}
Stlth    ..........             b - amulet of Morality {RegenMP rPois rC+ Dex+9}
HPRegen  0.37/turn              X - ring of the Madman {rF+ MR++ Dex+2 SInv}
MPRegen  0.47/turn              O - ring of protection from fire

@: corroded, flying, glowing, studying Dodging
A: big wings, low mp 1, negative energy resistance 1, electricity resistance,
unbreathing, petrification resistance, rot immunity, AC +17
}: 2/15 runes: decaying, serpentine
a: Stop Flying, Divine Shield, Cleansing Flame, Summon Divine Warrior, Renounce
Religion


You were on level 3 of the Abyss.
You worshipped the Shining One.
The Shining One was exalted by your worship.
You were not hungry.

You visited 7 branches of the dungeon, and saw 39 of its levels.
You visited the Abyss 1 time.
You visited 1 bazaar.
You also visited: Ice Cave.

You collected 5703 gold pieces.
You spent 3299 gold pieces at shops.

Inventory:

Hand Weapons
 W - a +9 sacred scourge of holy wrath (weapon)
Missiles
 f - 10 boomerangs of dispersal (quivered)
Armour
 d - a +2 hat (worn)
 w - a +2 pair of gloves of dexterity (worn)
 C - the +0 pair of boots of Panentheism (worn) {MR++ Dex+3}
   (You bought it in a shop on level 2 of the Orcish Mines)

   It affects your dexterity (+3).
   It affects your resistance to hostile enchantments.
 G - a +2 cloak (worn)
 M - a +0 shield of reflection (worn)
 T - the +9 scales of the Dragon King (worn) {rPois rF+ rC+ MR+}
   (You found it on level 6 of the Lair of Beasts)

   It protects you from fire.
   It protects you from cold.
   It protects you from poison.
   It affects your resistance to hostile enchantments.
Jewellery
 b - the amulet of Morality (around neck) {RegenMP rPois rC+ Dex+9}
   (You bought it in a shop on level 4 of the Vaults)

   [amulet of magic regeneration]

   It increases your magic regeneration.
   It affects your dexterity (+9).
   It protects you from cold.
   It protects you from poison.
 i - an uncursed ring of resist corrosion
 s - an uncursed ring of ice
 y - an uncursed ring of magical power
 J - an uncursed ring of protection from cold
 O - a ring of protection from fire (right hand)
 R - an uncursed ring of protection from magic
 V - a +4 ring of strength
 X - the ring of the Madman (left hand) {rF+ MR++ Dex+2 SInv}
   (You bought it in a shop on level 5 of the Dungeon)

   [ring of dexterity]

   It affects your dexterity (+2).
   It protects you from fire.
   It affects your resistance to hostile enchantments.
   It lets you see invisible.
 Y - a +5 ring of slaying
Wands
 h - a wand of disintegration (41)
 k - a wand of iceblast (20)
 u - a wand of digging (11)
 D - a wand of scattershot (6)
 K - a wand of acid (33)
Scrolls
 e - 17 scrolls of teleportation
 g - 4 scrolls of enchant armour
 n - 8 scrolls of immolation
 p - 5 scrolls of blinking
 q - 5 scrolls of magic mapping
 x - 8 scrolls of fog
 B - 16 scrolls of remove curse
 H - a scroll of holy word
 I - a scroll of enchant weapon
 N - 5 scrolls of fear
 S - 11 scrolls of identify
Potions
 j - 2 potions of might
 m - a potion of resistance
 r - a potion of heal wounds
 t - 2 potions of magic
 v - 9 potions of curing
 z - 2 potions of ambrosia
 A - 4 potions of cancellation
 F - 6 potions of agility
 U - 4 potions of mutation
 Z - 4 potions of haste
Books
 o - a manual of Dodging
Miscellaneous
 a - a lightning rod (4/4)
Comestibles
 c - 64 rations


   Skills:
 * Level 23.0 Fighting
 - Level 18.0 Maces & Flails
 * Level 19.0 Armour
 * Level 8.4 Dodging
 - Level 2.1 Stealth
 + Level 16.0 Shields
 + Level 0.6 Unarmed Combat
 + Level 16.5 Invocations
 + Level 1.0 Evocations


You had 22 spell levels left.
You didn't know any spells.
Your spell library contained the following spells:

 Spells                   Type           Power        Failure   Level  Hunger
 Corona                   Hex            #......      100%        1    ##.....
 Freeze                   Ice            #...         100%        1    ##.....
 Magic Dart               Conj           #...         100%        1    ##.....
 Summon Butterflies       Summ           #.......     100%        1    ##.....
 Blink                    Tloc           N/A          100%        2    ###....
 Call Imp                 Summ           #.......     100%        2    ###....
 Ensorcelled Hibernation  Hex/Ice        #.....       100%        2    ###....
 Poisonous Vapours        Pois/Air       #.....       100%        2    ###....
 Slow                     Hex            #.......     100%        2    ###....
 Throw Frost              Conj/Ice       #.....       100%        2    ###....
 Call Canine Familiar     Summ           #.......     100%        3    ####...
 Confuse                  Hex            #.......     100%        3    ####...
 Conjure Flame            Conj/Fire      #.......     100%        3    ####...
 Dazzling Spray           Conj/Hex       #.....       100%        3    ####...
 Inner Flame              Hex/Fire       #.......     100%        3    ####...
 Mephitic Cloud           Conj/Pois/Air  #.......     100%        3    ####...
 Ozocubu's Armour         Chrm/Ice       #.......     100%        3    ####...
 Portal Projectile        Hex/Tloc       #.....       100%        3    ####...
 Recall                   Summ/Tloc      N/A          100%        3    ####...
 Tukima's Dance           Hex            #.......     100%        3    ####...
 Animate Dead             Necr           N/A          100%        4    #####..
 Cause Fear               Hex            #.........   100%        4    #####..
 Ice Form                 Ice/Tmut       #.......     100%        4    #####..
 Iskenderun's Mystic Bla  Conj           #.......     100%        4    #####..
 Leda's Liquefaction      Hex/Erth       #.........   100%        4    #####..
 Summon Ice Beast         Ice/Summ       #.......     100%        4    #####..
 Summon Lightning Spire   Summ/Air       #.......     100%        4    #####..
 Throw Icicle             Conj/Ice       #.......     100%        4    #####..
 Aura of Abjuration       Summ           #.........   100%        5    ######.
 Borgnjor's Vile Clutch   Necr/Erth      #.........   100%        5    ######.
 Lightning Bolt           Conj/Air       #.........   100%        5    ######.
 Metabolic Englaciation   Hex/Ice        #.........   100%        5    ######.
 Silence                  Hex/Air        #.........   100%        5    ######.
 Summon Demon             Summ           #.........   100%        5    ######.
 Summon Forest            Summ/Tloc      #.........   100%        5    ######.
 Summon Mana Viper        Hex/Summ       #.......     100%        5    ######.
 Bolt of Cold             Conj/Ice       #.........   100%        6    #######
 Conjure Ball Lightning   Conj/Air       #.........   100%        6    #######
 Death Channel            Necr           #.........   100%        6    #######
 Deflect Missiles         Chrm/Air       #.........   100%        6    #######
 Freezing Cloud           Conj/Ice/Air   #.........   100%        6    #######
 Ozocubu's Refrigeration  Ice            #.........   100%        6    #######
 Shadow Creatures         Summ           N/A          100%        6    #######
 Simulacrum               Ice/Necr       #.........   100%        6    #######
 Malign Gateway           Summ/Tloc      #.........   100%        7    #######
 Ring of Flames           Chrm/Fire      #.........   100%        7    #######
 Summon Hydra             Summ           #.........   100%        7    #######
 Tornado                  Air            #.........   100%        9    #######


Dungeon Overview and Level Annotations

Branches:
Dungeon (15/15)            Temple (0/1) D:5            Lair (6/6) D:10
  Swamp (4/4) Lair:4        Snake (4/4) Lair:3        Slime (0/5) Lair:6
    Orc (2/2) D:12            Elf (3/3) Orc:2        Vaults (5/5) D:13
  Crypt (0/3) Vaults:2     Depths (0/5) D:15          IceCv (visited)

Altars:
Elyvilon
Fedhas
Gozag
Nemelex Xobeh
Qazlal
Ru
Vehumet
Wu Jian
Xom
The Shining One

Shops:
D:5 =[[**   D:6 }   D:9 }   Orc:2 [=:([   Elf:3 }=(   Vaults:3 ?
Vaults:4 =([:[

Portals:
Trove: Vaults:4 (give 17 potions of curing)

Annotations:
D:5 236 gloves, 2 runed translucent doors409 ring, Wuag's ghost, novice DrTm
D:9 Psyche


Innate Abilities, Weirdness & Mutations

You are resistant to torment.
Your stone body is resilient. (AC +17)
You are immune to poison.
Your large and strong wings let you fly indefinitely.
You resist negative energy. (rN+)
You are resistant to electric shocks. (rElec)
You can survive without breathing.
You are immune to petrification.
You are immune to rotting.
Your magical capacity is low. (-10% MP)


Message History

The ancient lich is lightly damaged.
You whack the ancient lich!
The ancient lich convulses!
The ancient lich is moderately damaged.
The ancient lich gestures at you while chanting.
The bolt of acid hits you but does no damage.
The acid corrodes you!
You are splashed with acid!
* * * LOW HITPOINT WARNING * * *
Unknown command.
The golden flame engulfs you but does no damage.
The golden flame engulfs the ancient lich!
The ancient lich writhes in agony!
The ancient lich is heavily damaged.
The golden flame engulfs the large abomination!!!
The large abomination writhes in agony!
The large abomination is severely damaged.
You feel somewhat more hungry.
You hear a hideous shriek!
The ancient lich casts a spell at you. The crystal spear hits you!!!
You die...

# ## # # # #. ..#. .. .
#..###.... #.#. ........
# ##...###...#.# ### #
#.....#......##..#..
.....5L......).#..##
......X@....##..## .###
......./.......#.....#.#
#.....#........## #..##
.###.######...##### #.##
..# ####.#. .#... ###
#..# .. . #.#.. ...
..##...#... ... ..#..##


You could see an ancient lich, a large abomination and a crimson imp.

Vanquished Creatures
  A tentacled monstrosity (Vaults:5)
  A Hell Sentinel (Abyss:3)
  An Ice Fiend (IceCv)
  A lich (Vaults:2)
  A deep elf master archer (Elf:3)
  A titan (Vaults:4)
  2 deep elf blademasters (Elf:3)
  Frances (D:14)
  A tentacled starspawn (Abyss:3)
  A sphinx (Vaults:2)
  Gastronok (Lair:1)
  Kirke (D:14)
  A shadow dragon (Vaults:5)
  Donald (Swamp:1)
  A fire giant (Vaults:4)
  3 storm dragons
  2 tengu reavers
  8 nagarajas
  9 deep elf sorcerers (Elf:3)
  An iron dragon (Vaults:5)
  2 frost giants (Vaults:2)
  A ghoul (Vaults:2)
  Louise (Swamp:4)
  Aizul (Swamp:3)
  2 deep elf elementalists (Elf:3)
  16 vault wardens
  5 ironheart preservers
  6 very ugly things
  The ghost of Sharkman1231 the Devastator, a journeyman DsCj of Vehumet (Orc:1)
  12 stone giants
  7 deep elf demonologists
  2 entropy weavers
  8 deep elf annihilators
  An ettin (shapeshifter) (Vaults:4)
  6 deep elf death magi
  A green death (Abyss:3)
  4 yaktaur captains
  2 deep elf high priests (Elf:3)
  2 fire dragons
  A great orb of eyes (Vaults:2)
  2 rakshasas
  Josephine (D:12)
  7 naga warriors
  21 hydras
  3 ice dragons
  2 ghost crabs
  A catoblepas (Lair:5)
  27 vault guards
  11 anacondas
  4 centaur warriors
  2 death knights
  5 shambling mangroves
  44 two-headed ogres
  17 dancing weapons
  13 alligators
  2 small abominations
  A shock serpent (Snake:3)
  2 deep troll shamans (Vaults:4)
  6 large abominations
  9 ogre magi
  A tengu warrior (D:15)
  11 naga sharpshooters
  4 death yaks (Lair:4)
  24 deep elf knights
  A spriggan (Swamp:4)
  11 skeletal warriors
  A wretched star (Abyss:3)
  A fire crab (shapeshifter) (Vaults:2)
  3 salamander mystics
  7 deep trolls
  4 wizards
  A glowing orange brain (D:15)
  A flayed ghost (Vaults:2)
  A shadow wraith (Vaults:3)
  6 swamp dragons
  A shadow demon (Abyss:3)
  4 spriggan druids (Swamp:4)
  A glowing orange brain (shapeshifter) (D:15)
  2 unseen horrors
  A lindwurm (Lair:5)
  5 harpies (Vaults:4)
  14 ironbrand convokers
  13 deep elf archers
  6 naga ritualists
  An orange crystal statue (D:12)
  5 mana vipers
  69 deep elf magi
  2 necromancers
  16 orc knights
  48 ugly things
  2 wolf spiders
  An oklob plant (Lair:2)
  A shining eye (shapeshifter) (Vaults:4)
  4 cyclopes
  2 orc sorcerers (Orc:1)
  A salamander (shapeshifter) (Vaults:1)
  3 manticores
  6 salamanders
  A worldbinder (Abyss:3)
  4 elephants (Lair:3)
  An apocalypse crab (Abyss:3)
  4 guardian serpents (Snake:4)
  14 vault sentinels
  14 naga magi
  24 black mambas
  2 ice statues
  A smoke demon (D:13)
  Maurice (D:8)
  29 spiny frogs
  A torpor snail (Lair:4)
  A gargoyle (D:15)
  3 rime drakes
  9 komodo dragons
  3 centaur skeletons
  A rime drake (shapeshifter) (D:14)
  An anaconda simulacrum (IceCv)
  6 freezing wraiths
  51 yaktaurs
  5 ice devils
  3 meliai (Lair:4)
  A jumping spider (shapeshifter) (D:15)
  A golden dragon simulacrum (IceCv)
  2 tengu conjurers
  2 ancient zymes (Abyss:3)
  A polar bear (shapeshifter) (D:15)
  A harpy zombie (Abyss:3)
  12 hornets
  A queen bee (Lair:4)
  15 trolls
  15 tyrant leeches
  3 bog bodies (Swamp:3)
  36 blink frogs
  A harpy skeleton (D:15)
  A hippogriff (shapeshifter) (D:15)
  A blink frog (shapeshifter) (D:15)
  31 slime creatures
  9 hippogriffs
  A spriggan (shapeshifter) (Elf:2)
  6 redbacks
  A tarantella (Vaults:2)
  A wyvern (Lair:4)
  A dire elephant simulacrum (IceCv)
  2 air elementals (Elf:2)
  3 water elementals
  12 yaks
  4 shadows
  8 wraiths
  3 hogs (D:14)
  A yak (shapeshifter) (Elf:2)
  Grum (Lair:1)
  2 golden eyes (Abyss:3)
  4 basilisks (Lair:4)
  A fire elemental (Elf:3)
  4 hungry ghosts
  15 vampire mosquitoes
  A neqoxec (Abyss:3)
  A death yak simulacrum (IceCv)
  13 wargs
  A yaktaur simulacrum (Vaults:2)
  3 iron troll simulacra (IceCv)
  A soldier ant (D:13)
  44 nagas
  2 insubstantial wisps (Swamp:3)
  3 acid dragons
  17 swamp worms
  21 water moccasins
  6 hydra simulacra (IceCv)
  7 porcupines
  A soldier ant (shapeshifter) (Vaults:1)
  33 orc warriors
  8 swamp drakes
  A swamp drake (shapeshifter) (Vaults:4)
  3 ice beasts
  An alligator simulacrum (IceCv)
  3 ettin simulacra (IceCv)
  3 phantoms
  3 sky beasts
  A human zombie (Vaults:2)
  2 black bears
  35 ogres
  16 wolves
  14 centaurs
  8 boggarts
  16 crocodiles
  An elf skeleton (Vaults:2)
  A big kobold (D:14)
  29 bullfrogs
  7 earth elementals
  A wyvern skeleton (D:8)
  7 scorpions
  An elephant simulacrum (IceCv)
  6 wights
  42 killer bees
  A human simulacrum (Vaults:2)
  2 electric eels (Lair:5)
  2 howler monkeys (D:8)
  13 crimson imps
  3 jellies
  6 hounds
  A draconian simulacrum (IceCv)
  3 centaur zombies
  17 orc wizards
  19 orc priests
  2 bullfrog skeletons
  6 iguanas
  3 troll simulacra (IceCv)
  13 worker ants
  A polar bear simulacrum (IceCv)
  2 wolf simulacra (IceCv)
  4 centaur simulacra
  A hound zombie (D:9)
  2 hound skeletons
  4 gnolls (D:6)
  A howler monkey zombie (D:5)
  A worker ant zombie (D:10)
  20 adders
  4 naga simulacra (IceCv)
  3 ogre simulacra (IceCv)
  2 shadow imps
  8 white imps
  5 ufetubi (IceCv)
  5 oozes
  An adder skeleton (D:9)
  4 worms
  6 leopard geckos
  78 orcs
  2 ball pythons
  11 bats
  6 giant cockroaches
  6 goblins
  7 hobgoblins
  8 jackals
  10 kobolds
  9 quokkas
  3 frilled lizards
  A jackal skeleton (D:5)
  2 quokka skeletons
  9 rats
  3 crawling corpses (Elf:3)
1650 creatures vanquished.

Vanquished Creatures (collateral kills)
  A deep elf blademaster (Elf:3)
  2 thorn hunters
  Roxanne (Swamp:1)
  A deep elf sorcerer (Elf:3)
  A war gargoyle (Vaults:2)
  A deep elf annihilator (Elf:3)
  A deep elf death mage (Elf:3)
  2 deep elf high priests
  An ogre mage (Orc:2)
  4 hydras (Swamp:4)
  6 vault guards (Vaults:5)
  A naga warrior (Snake:4)
  A two-headed ogre (Orc:2)
  A shambling mangrove (Swamp:1)
  3 death yaks (Lair:2)
  7 dancing weapons
  A naga sharpshooter (Snake:4)
  2 deep elf knights
  A spriggan (Swamp:1)
  Sonja (Lair:1)
  A storm dragon skeleton (Vaults:2)
  A deep elf archer (Elf:3)
  2 swamp dragons
  A deep elf mage (Elf:3)
  A mana viper (Snake:4)
  An ugly thing (Vaults:2)
  A guardian serpent (Snake:4)
  A black mamba (Snake:4)
  A troll (Orc:2)
  2 tyrant leeches
  3 hornets (Swamp:1)
  A slime creature (Swamp:1)
  A bog body (Swamp:4)
  A shadow (Swamp:1)
  A fire elemental (Elf:3)
  A vampire mosquito (Swamp:1)
  A swamp worm (Swamp:1)
  3 nagas (Snake:4)
  2 swamp drakes (Swamp:4)
  An ogre (Orc:2)
66 creatures vanquished.

Vanquished Creatures (others)
  A deep elf death mage (Elf:3)
  A centaur warrior (Vaults:1)
  2 deep elf archers (Elf:3)
  A deep elf mage (Vaults:1)
  A naga mage (Snake:4)
  5 yaktaurs
  2 humans (D:14)
  An insubstantial wisp (Swamp:3)
  A swamp drake (Swamp:4)
  An orc wizard (D:3)
  A white imp (IceCv)
  6 ufetubi (IceCv)
  2 orcs (Vaults:1)
  9 fungi
  37 plants
  2 starspawn tentacles (Abyss:3)
73 creatures vanquished.

Grand Total: 1789 creatures vanquished

Notes
Turn   | Place    | Note
-------+----------+-------------------------------------------
     0 | D:1      | robertstho the Gargoyle Monk began the quest for the Orb.
     0 | D:1      | Reached XP level 1. HP: 14/14 MP: 1/1
    79 | D:1      | Reached XP level 2. HP: 5/19 MP: 2/2
   437 | D:1      | Reached skill level 1 in Armour
   437 | D:1      | Reached XP level 3. HP: 19/24 MP: 3/3
  1198 | D:2      | Reached skill level 4 in Fighting
  1293 | D:2      | Reached XP level 4. HP: 24/29 MP: 4/4
  1772 | D:2      | Reached XP level 5. HP: 33/33 MP: 5/5
  2573 | D:3      | Noticed a phantom
  2710 | D:3      | Killed a phantom
  2710 | D:3      | Reached XP level 6. HP: 32/39 MP: 6/6
  2761 | D:3      | Found a blossoming altar of Fedhas.
  3190 | D:4      | Reached skill level 5 in Fighting
  3268 | D:4      | Reached XP level 7. HP: 27/44 MP: 7/7
  3280 | D:4      | Reached skill level 5 in Maces & Flails
  3597 | D:4      | Found a glowing golden altar of the Shining One.
  3606 | D:4      | Became a worshipper of the Shining One
  3606 | D:4      | Reached * piety under the Shining One
  3606 | D:4      | Reached ** piety under the Shining One
  3898 | D:5      | Entered Level 5 of the Dungeon
  3945 | D:5      | Found a staircase to the Ecumenical Temple.
  4042 | D:5      | Found Giqiug's Armour Boutique.
  4123 | D:5      | Found a large runed translucent door.
  4128 | D:5      | Reached skill level 1 in Invocations
  4130 | D:5      | Noticed Wuag's ghost (novice DrTm)
  4131 | D:5      | Found a large runed translucent door.
  4142 | D:5      | Found a sacrificial altar of Ru.
  4209 | D:5      | Bought a +2 pair of gloves of dexterity for 236 gold pieces
  4309 | D:5      | Found Zepnavu's Armour Shoppe.
  4322 | D:5      | Found Boputroack's Jewellery Boutique.
  4333 | D:5      | Reached XP level 8. HP: 51/51 MP: 9/9
  4450 | D:5      | Found Nouqiod's Assorted Antiques.
  4462 | D:5      | Found Aceask's Assorted Antiques.
  4473 | D:5      | Found an opulent altar of Gozag.
  4633 | D:6      | Reached skill level 6 in Fighting
  4663 | D:6      | Reached skill level 5 in Armour
  4729 | D:6      | Found Laun's Gadget Boutique.
  4865 | D:6      | Reached XP level 9. HP: 56/56 MP: 11/11
  5102 | D:6      | Found a stormy altar of Qazlal.
  5104 | D:6      | Found a radiant altar of Vehumet.
  5365 | D:7      | Reached skill level 7 in Fighting
  5441 | D:7      | Reached *** piety under the Shining One
  5934 | D:8      | Noticed Maurice
  5951 | D:8      | Killed Maurice
  6102 | D:8      | Reached XP level 10. HP: 64/64 MP: 13/13
  6653 | D:9      | Reached skill level 8 in Fighting
  6653 | D:9      | Reached skill level 5 in Invocations
  6807 | D:9      | Reached **** piety under the Shining One
  7197 | D:9      | Found Deug's Gadget Emporium.
  7254 | D:9      | Noticed a two-headed ogre
  7263 | D:9      | HP: 2/65 [two-headed ogre/+0 giant club (9)]
  7266 | D:9      | Killed a two-headed ogre
  7508 | D:9      | Noticed Psyche
  7688 | D:10     | Entered Level 10 of the Dungeon
  7831 | D:10     | Reached skill level 9 in Fighting
  8144 | D:10     | Found a staircase to the Lair.
  8477 | D:11     | Reached XP level 11. HP: 69/71 MP: 15/15
  8501 | D:11     | Reached skill level 10 in Maces & Flails
  8518 | D:11     | Noticed a two-headed ogre
  8537 | D:11     | Killed a two-headed ogre
  8566 | D:11     | Noticed a two-headed ogre
  8590 | D:11     | Killed a two-headed ogre
  8714 | D:11     | Noticed an unseen horror
  8726 | D:11     | Killed an unseen horror
  8726 | D:11     | Reached skill level 10 in Fighting
  8823 | D:11     | Reached ***** piety under the Shining One
  8946 | D:11     | Noticed a centaur warrior
  8961 | D:11     | Killed a centaur warrior
  8993 | D:11     | Noticed a manticore
  9003 | D:11     | Killed a manticore
  9054 | D:11     | Noticed an eight-headed hydra
  9062 | D:11     | Killed an eight-headed hydra
  9678 | Lair:1   | Entered Level 1 of the Lair of Beasts
  9727 | Lair:1   | Noticed a four-headed hydra
  9738 | Lair:1   | Killed a four-headed hydra
  9738 | Lair:1   | Reached skill level 10 in Armour
  9741 | Lair:1   | You fall into a shaft and drop 1 floor!
  9741 | Lair:2   | Noticed a death yak
  9741 | Lair:2   | Noticed a death yak
  9742 | Lair:2   | Noticed a death yak
  9765 | Lair:2   | Killed a death yak
  9767 | Lair:2   | Killed a death yak
  9767 | Lair:2   | Reached XP level 12. HP: 79/79 MP: 10/17
  9774 | Lair:2   | Killed a death yak
  9864 | Lair:2   | Noticed a seven-headed hydra
  9885 | Lair:2   | Killed a seven-headed hydra
 10001 | Lair:2   | Reached skill level 11 in Fighting
 10048 | Lair:2   | Reached skill level 1 in Shields
 10310 | Lair:2   | Found an ornate altar of the Wu Jian Council.
 10613 | Lair:3   | Noticed a five-headed hydra
 10629 | Lair:3   | Killed a five-headed hydra
 10919 | Lair:3   | Reached skill level 12 in Fighting
 10954 | Lair:3   | Reached XP level 13. HP: 81/86 MP: 19/19
 10985 | Lair:3   | Found a staircase to the Snake Pit.
 11872 | Lair:4   | Found a staircase to the Swamp.
 12228 | Lair:4   | Reached skill level 13 in Fighting
 12765 | Lair:4   | Found a shimmering altar of Xom.
 13408 | Lair:5   | Gained mutation: Your large and strong wings let you fly
                  | indefinitely. [Gargoyle growth]
 13408 | Lair:5   | Reached XP level 14. HP: 90/94 MP: 21/21
 13773 | Lair:6   | Entered Level 6 of the Lair of Beasts
 13854 | Lair:6   | Reached skill level 10 in Invocations
 14046 | Lair:6   | Reached skill level 5 in Shields
 14320 | Lair:6   | Found the +9 scales of the Dragon King {rPois rF+ rC+ MR+}
 14572 | Lair:6   | Found a staircase to the Slime Pits.
 15554 | Lair:1   | Noticed Sonja
 15554 | Lair:1   | Noticed Grum
 15657 | Lair:1   | Reached skill level 14 in Fighting
 15675 | Lair:1   | Noticed Gastronok
 15695 | Lair:1   | Killed Gastronok
 15812 | Lair:1   | Killed Grum
 15907 | Lair:1   | Killed Sonja
 16357 | D:12     | You are sucked into a shaft and drop 3 floors!
 16357 | D:15     | Entered Level 15 of the Dungeon
 16369 | D:14     | Noticed Frances
 16470 | D:12     | Noticed Josephine
 16484 | D:12     | Killed Josephine
 16594 | D:12     | Found a staircase to the Orcish Mines.
 16713 | D:12     | Reached XP level 15. HP: 101/101 MP: 23/23
 16851 | D:12     | Reached ****** piety under the Shining One
 17477 | Orc:1    | Entered Level 1 of the Orcish Mines
 17616 | Orc:2    | Entered Level 2 of the Orcish Mines
 17616 | Orc:2    | Found a staircase to the Elven Halls.
 17769 | Orc:2    | Found Efyrchoq's Antique Armour Emporium.
 17953 | Orc:2    | Found Forgh's Antique Weapon Shoppe.
 17955 | Orc:2    | Found Dor Guad's Book Boutique.
 17956 | Orc:2    | Bought a pair of faintly humming boots for 266 gold pieces
 17961 | Orc:2    | Identified the cursed +0 pair of boots of Panentheism {MR++
                  | Dex+3} (You bought it in a shop on level 2 of the Orcish
                  | Mines)
 17997 | Orc:2    | Bought a glowing morningstar for 175 gold pieces
 18002 | Orc:2    | Found Ilofoen's Jewellery Emporium.
 18090 | Orc:2    | Found Liesa's Armour Shoppe.
 18487 | Orc:1    | Found a runed translucent gate.
 18487 | Orc:1    | Found a runed translucent gate.
 18515 | Orc:1    | Noticed Sharkman1231's ghost (journeyman DsCj)
 18521 | Orc:1    | Found a runed translucent gate.
 18652 | Orc:1    | Reached skill level 15 in Fighting
 19046 | Orc:1    | Killed Sharkman1231's ghost
 19325 | Swamp:1  | Entered Level 1 of the Swamp
 19442 | Swamp:1  | Identified Roxanne's Handbook of Clay
 19442 | Swamp:1  | Noticed Roxanne
 19462 | Swamp:1  | Killed Roxanne
 19592 | Swamp:1  | Noticed Donald
 19597 | Swamp:1  | Noticed a thorn hunter
 19611 | Swamp:1  | Killed Donald
 19618 | Swamp:1  | Killed a thorn hunter
 20149 | Swamp:2  | Reached XP level 16. HP: 108/108 MP: 24/24
 20600 | Swamp:3  | Noticed Aizul
 20606 | Swamp:3  | Killed Aizul
 20640 | Swamp:3  | Found a glowing golden altar of the Shining One.
 21197 | Swamp:4  | Entered Level 4 of the Swamp
 21260 | Swamp:4  | Noticed a thorn hunter
 21277 | Swamp:4  | Killed a thorn hunter
 21285 | Swamp:4  | Noticed Louise
 21293 | Swamp:4  | Reached skill level 16 in Fighting
 21497 | Swamp:4  | Reached skill level 15 in Armour
 21509 | Swamp:4  | Killed Louise
 21509 | Swamp:4  | Reached skill level 15 in Maces & Flails
 21739 | Swamp:4  | Got a decaying rune of Zot
 22244 | Snake:1  | Entered Level 1 of the Snake Pit
 22258 | Snake:1  | Noticed a nagaraja
 22266 | Snake:1  | Killed a nagaraja
 22503 | Snake:1  | Reached XP level 17. HP: 116/116 MP: 21/26
 23411 | Snake:2  | Found a flickering gateway to a bazaar.
 23419 | Bazaar   | Entered a bazaar
 23421 | Bazaar   | Found Hafrie Ycloe's General Store.
 23429 | Bazaar   | Bought a scroll of fog for 20 gold pieces
 23429 | Bazaar   | Bought a scroll of identify for 20 gold pieces
 23429 | Bazaar   | Bought a scroll of identify for 20 gold pieces
 23441 | Bazaar   | Found Ifaez's General Store.
 23448 | Bazaar   | Bought a scroll of identify for 26 gold pieces
 23448 | Bazaar   | Bought a potion of curing for 39 gold pieces
 23449 | Bazaar   | Found Itwej's Gadget Shop.
 23522 | Bazaar   | Found Meocwon's Jewellery Emporium.
 24334 | Snake:3  | Found a frozen archway.
 24368 | IceCv    | Entered an ice cave
 24830 | IceCv    | Noticed an Ice Fiend
 24848 | IceCv    | Killed an Ice Fiend
 25546 | Snake:4  | Entered Level 4 of the Snake Pit
 25567 | Snake:4  | Reached skill level 17 in Fighting
 26440 | Snake:4  | Reached XP level 18. HP: 116/124 MP: 28/28
 26461 | Snake:4  | Reached skill level 10 in Shields
 26902 | Snake:4  | Got a serpentine rune of Zot
 27347 | D:5      | Bought the ring of the Madman {rF+ MR++ Dex+2 SInv} for 409
                  | gold pieces
 27510 | Elf:1    | Entered Level 1 of the Elven Halls
 28057 | Elf:1    | You are sucked into a shaft and drop 1 floor!
 28096 | Elf:2    | Reached skill level 18 in Fighting
 28363 | Elf:2    | Found a runed translucent gate.
 28363 | Elf:2    | Found a runed translucent gate.
 28364 | Elf:2    | Found a runed translucent gate.
 28934 | Elf:3    | Entered Level 3 of the Elven Halls
 28976 | Elf:3    | Found Susefon's Gadget Boutique.
 29037 | Elf:3    | Found Bouke's Weapon Emporium.
 29242 | Elf:3    | Reached XP level 19. HP: 80/131 MP: 29/29
 29505 | Elf:3    | Found Cevore Qoda's Jewellery Shoppe.
 30227 | Elf:1    | Reached skill level 19 in Fighting
 30850 | Elf:3    | Identified the ring "Paut" {+Fly rN+ Dex+3}
 31171 | Elf:3    | Identified a +9 sacred scourge of holy wrath (a +7 demon
                  | whip of electrocution blessed by the Shining One)
 31171 | Elf:3    | Received a gift from the Shining One
 31191 | Elf:3    | Reached skill level 15 in Invocations
 31502 | Elf:3    | Reached skill level 1 in Evocations
 31532 | Elf:3    | Identified the Incunabulum of Conjuration and Translocation
 31875 | D:13     | Found a gate to the Vaults.
 31930 | D:13     | Reached XP level 20. HP: 139/139 MP: 31/31
 32366 | D:14     | Killed Frances
 32393 | D:14     | Noticed Kirke
 32406 | D:14     | Killed Kirke
 32554 | D:14     | Found a sparkling altar of Nemelex Xobeh.
 33155 | D:15     | Found a staircase to the Depths.
 33779 | Vaults:1 | Entered Level 1 of the Vaults
 33823 | Vaults:1 | Reached skill level 20 in Fighting
 34974 | Vaults:1 | Reached XP level 21. HP: 147/147 MP: 32/32
 35030 | Vaults:2 | Found a white marble altar of Elyvilon.
 35389 | Vaults:2 | Reached skill level 21 in Fighting
 35995 | Vaults:2 | Found a staircase to the Crypt.
 36368 | Vaults:3 | Found Loakanaloe's Magic Scroll Emporium.
 36413 | Vaults:3 | Upgraded the game from 0.24-a0-781-g048a31f to
                  | 0.24-a0-788-g2b66604
 36420 | Vaults:3 | Bought a scroll of fear for 42 gold pieces
 36420 | Vaults:3 | Bought a scroll of teleportation for 36 gold pieces
 36420 | Vaults:3 | Bought a scroll of fear for 42 gold pieces
 36420 | Vaults:3 | Bought a scroll of teleportation for 36 gold pieces
 36583 | Vaults:3 | Reached XP level 22. HP: 140/155 MP: 34/34
 36808 | Vaults:3 | Reached skill level 5 in Dodging
 37434 | Vaults:4 | Reached skill level 22 in Fighting
 37523 | Vaults:4 | Found a portal to a secret trove of treasure.
 37656 | Vaults:4 | Found Zoops's Antique Weapon Shoppe.
 37710 | Vaults:4 | Found Syotedgh's Book Boutique.
 37712 | Vaults:4 | Found Kaff's Armour Shop.
 37725 | Vaults:4 | Identified the cursed +1 mace "Beastbane" {freeze, rElec
                  | rPois rN+ MR-}
 37734 | Vaults:4 | Reached skill level 15 in Shields
 37769 | Vaults:4 | Found Keugurat's Antique Armour Emporium.
 37791 | Vaults:4 | Found Otomp's Jewellery Boutique.
 37820 | Vaults:4 | Bought the amulet of Oquuluax {Reflect rPois Dex+4 SH+4}
                  | for 792 gold pieces
 38705 | Vaults:4 | Bought the amulet of Morality {RegenMP rPois rC+ Dex+9} for
                  | 1140 gold pieces
 39137 | Vaults:5 | Entered Level 5 of the Vaults
 39232 | Vaults:5 | Reached XP level 23. HP: 154/164 MP: 35/35
 39913 | Vaults:4 | Cast into level 3 of the Abyss (war gargoyle)
 39939 | Abyss:3  | Paralysed by you for 4 turns
 39985 | Abyss:3  | Gained mutation: Your magical capacity is low. (-10% MP) [a
                  | neqoxec]
 39988 | Abyss:3  | Reached skill level 23 in Fighting
 40074 | Abyss:3  | Noticed an ancient lich
 40083 | Abyss:3  | Killed from afar by an ancient lich

Levels and vault maps discovered:
D:1:      minmay_arrival_nine_rooms, layout_basic, serial_bayou_pond_b,
          hangedman_abyss_or_decor_stabs
D:2:      layout_basic, first_ration
D:3:      layout_basic, serial_rivers, chequers_serial_rivers_large_a,
          chequers_serial_rivers_micro_d, chequers_serial_rivers_small_b,
          chequers_serial_rivers_large_b, chequers_serial_rivers_micro_d,
          chequers_serial_rivers_room_a, roderic_filled_cross,
          fedhas_altar_fruit_tree
D:4:      layout_loops_ring, nicolae_overflow_crystal_walls
D:5:      layout_loops_cross, kennysheep_mini,
          minmay_temple_entry_drinking_statues, ebering_ghost_disaster_area,
          serial_shops, shop, nicolae_shop_window_shopping,
          nicolae_shop_competitors_out_of_business, nicolae_shop_behind_doors,
          shop, nicolae_gozag_seed_capital
D:6:      layout_rooms, nicolae_overflow_hidden_temple, serial_shops,
          nicolae_shop_waterfront
D:7:      layout_basic
D:8:      layout_loops_ring, uniq_maurice
D:9:      layout_gridville, serial_shops, nicolae_shop_stone, uniq_psyche
D:10:     layout_loops_cross, david_lair_shrubbed
D:11:     layout_basic, grunt_tengu_nest, hangedman_abyss_or_decor_clamps,
          st_stairs_8
D:12:     layout_layer_cave, orc_david_3, minivault_16, uniq_josephine
D:13:     layout_rooms, david_vaults_2, minmay_fire_ice_demons
D:14:     minmay_spotlight, layout_basic, minmay_fountain_box, basic_altar,
          uniq_frances, uniq_kirke
D:15:     gammafunk_enter_depths_forms, layout_basic, minivault_20
Lair:1:   layout_regular_city, st_stairs_3, grunt_megastairs_2, uniq_gastronok,
          uniq_sonja, uniq_grum
Lair:2:   layout_roguey, lemuel_oklob_altar
Lair:3:   layout_cave_shapes, minmay_snake_entry_six_corridors, st_stairs_6,
          minivault_23, serial_bayou_shore_a
Lair:4:   regret_index_bee_streams, layout_gridlike, minmay_swamp_entry_worms,
          lemuel_centaur_altar, lemuel_fruit_tree, serial_bayou_shore_b
Lair:5:   layout_gridlike, infiniplex_staircase_pool, serial_bayou_shore_b
Lair:6:   minmay_lair_end_frog_pond, layout_layer_cave, slime_dummy,
          lemuel_fruit_fields
Swamp:1:  layout_basic_swamp, nicolae_swamp_fairy_circle, uniq_roxanne,
          uniq_donald
Swamp:2:  layout_basic_swamp, hangedman_swamp_blocks,
          infiniplex_staircase_pool_2
Swamp:3:  layout_falls_marsh, lemuel_altar_in_water, swamp_pool4, uniq_aizul
Swamp:4:  swamp, layout_basic_swamp, uniq_louise
Snake:1:  layout_chambers, special_room
Snake:2:  layout_gridlike, serial_shops, bzr_entry_safe,
          nicolae_snake_double_loop
Snake:3:  layout_onion, special_room, portal_ice_cave_entry_ice_statue_two
Snake:4:  johnstein_snake_rune_scales, layout_cave_town, serial_bayou_shore_b
Orc:1:    layout_caves, gammafunk_ghost_split
Orc:2:    st_orc_open, layout_diamond_mine, serial_shops, shop
Elf:1:    elf_arrival_001, layout_gridlike, minivault_28
Elf:2:    layout_gridlike
Elf:3:    nooodl_elf_gasket, layout_geoelf_grid, serial_shops,
          nicolae_shop_behind_doors, shop_fountains, nicolae_shop_crystal
Vaults:1: ontoclasm_vaults_ring_small, vaults_room_octagon, v_misc_14,
          hangedman_vaults_stitches, nicolae_vaults_three_branches,
          ontoclasm_vaults_fault, vaults_room_octagon,
          nicolae_vaults_shelves_hall, layout_vaults_ring
Vaults:2: v_misc_26, minmay_crypt_entry_simple_box, grunt_vaults_swirl,
          v_misc_14, vaults_dpeg_hooks, v_misc_25, v_misc_18,
          vaults_standard_mumra_enter_the_diamond, v_alt_pattern_5,
          dpeg_vaults_pockets_of_resistance, nicolae_vaults_yaktaur_gun_rack,
          vaults_room_semicircle, vaults_room_stairs_pillars,
          layout_vaults_maze_snakey, basic_altar
Vaults:3: nicolae_vaults_little_squares_1, ontoclasm_vaults_loading_screen,
          v_misc_28, v_misc_25, grunt_vaults_focal, nicolae_vaults_what_the_h,
          v_misc_29, vaults_mumra_chevron, vaults_room_door_ring,
          ontoclasm_vaults_shuriken, vaults_room_stairs_pillars,
          layout_vaults_omnicross, serial_shops, shop_fountains
Vaults:4: v_misc_3, v_misc_2, nicolae_vaults_bisected_slash,
          nicolae_vaults_border_crossing, nicolae_vaults_little_squares_6,
          nicolae_vaults_rhombus_6, layout_vaults_omnigrid,
          nicolae_trove_entry_columns, serial_shops, shop, shop, shop,
          shop_fountains, shop
Vaults:5
Abyss:3:  nicolae_abyss_rune_star_stuff

Skill      XL: |  1  2  3  4  5  6  7  8  9 10 11 12 13 14 15 16 17 18 19 20 21 22 23 |
---------------+----------------------------------------------------------------------+-----
Armour         | 1 2 3 4 5 7 8 10 11 12 13 14 15 16 17 18 19 | 19.0
Fighting       | 4 5 6 7 9 10 12 13 14 15 16 17 18 19 20 21 22 23 | 23.0
Maces & Flails | 4 5 6 8 9 11 12 13 14 15 16 17 18 | 18.0
Dodging        | 3 4 7 8 |  8.4
Invocations    | 1 3 4 6 7 8 9 10 11 12 13 14 15 16 | 16.5
Shields        | 2 4 5 7 8 9 11 12 13 14 15 16 | 16.0
Evocations     | 1 |  1.0
Stealth        | |  2.1
Unarmed Combat | |  0.6

Action                   |  1- 3 |  4- 6 |  7- 9 | 10-12 | 13-15 | 16-18 | 19-21 | 22-24 || total
-------------------------+-------+-------+-------+-------+-------+-------+-------+-------++-------
Melee: Mace              |   122 |   226 |       |       |       |       |       |       ||   348
       Flail             |       |    41 |   465 |   754 |  1782 |       |       |       ||  3042
       Unarmed           |       |       |     6 |       |       |       |       |       ||     6
       Eveningstar       |       |       |       |       |    31 |  1244 |   288 |       ||  1563
       Sacred scourge    |       |       |       |       |       |       |  1323 |   860 ||  2183
Invok: Cleansing Flame   |       |       |       |     1 |    10 |     7 |     6 |     5 ||    29
       Summon Divine War |       |       |       |     1 |     3 |     6 |     5 |     1 ||    16
       Divine Shield     |       |       |       |       |     1 |     1 |       |       ||     2
       Brand Weapon With |       |       |       |       |       |       |     1 |       ||     1
 Abil: Fly               |       |       |       |       |     1 |       |       |       ||     1
Evoke: Wand              |       |       |       |     2 |       |     2 |     3 |       ||     7
       Lightning rod     |       |       |       |       |       |       |     1 |       ||     1
  Use: Potion            |       |     7 |       |     5 |     5 |     7 |     7 |       ||    31
       Scroll            |       |     3 |     1 |     3 |    16 |    18 |     3 |       ||    44
 Stab: Sleeping          |     1 |       |       |       |       |       |       |       ||     1
  Eat: Chunk             |     1 |     7 |    15 |    23 |    35 |    15 |    27 |     7 ||   130
       Ration            |       |       |       |     1 |       |     5 |       |     2 ||     8
Armor: Robe              |    27 |       |       |       |       |       |       |       ||    27
       Ring mail         |    37 |   142 |   115 |       |       |       |       |       ||   294
       Plate armour      |       |       |   160 |   612 |   696 |       |       |       ||  1468
       Gold dragon scale |       |       |       |       |   799 |  1053 |   734 |   347 ||  2933
Dodge: Dodged            |   100 |   177 |   368 |   372 |   817 |   283 |   233 |   129 ||  2479
Block: Buckler           |       |       |       |    69 |   554 |       |       |       ||   623
       Shield            |       |       |       |       |    45 |   833 |  1016 |   503 ||  2397
       Reflection        |       |       |       |       |     2 |    70 |    77 |    41 ||   190

Table legend:
 A = Non-vault XP
 B = Vault XP
 C = Vault XP percentage of total XP
 D = Non-vault monster count
 E = Vault monster count
 F = Vault count percentage of total count
                 A         B        C        D         E       F
            +---------+---------+-------+---------+---------+-------
      Total |  415967 |  328435 |  44.1 |    1121 |     604 |  35.0
            +---------+---------+-------+---------+---------+-------
        D:1 |      47 |      11 |  19.0 |      23 |       4 |  14.8
        D:2 |     109 |       0 |   0.0 |      23 |       0 |   0.0
        D:3 |     253 |       0 |   0.0 |      24 |       0 |   0.0
        D:4 |     341 |       0 |   0.0 |      20 |       0 |   0.0
        D:5 |     627 |       0 |   0.0 |      15 |       0 |   0.0
        D:6 |     998 |       0 |   0.0 |      25 |       0 |   0.0
        D:7 |     338 |       0 |   0.0 |       9 |       0 |   0.0
        D:8 |    1604 |     426 |  21.0 |      33 |       1 |   2.9
        D:9 |    2750 |       0 |   0.0 |      31 |       0 |   0.0
       D:10 |    1040 |     378 |  26.7 |      13 |       1 |   7.1
       D:11 |    7348 |     325 |   4.2 |      31 |       2 |   6.1
       D:12 |    4771 |    2384 |  33.3 |      23 |      10 |  30.3
       D:13 |    9957 |    3644 |  26.8 |      29 |      13 |  31.0
       D:14 |    8615 |    6529 |  43.1 |      28 |       9 |  24.3
       D:15 |    5856 |    4613 |  44.1 |      17 |      12 |  41.4
     Lair:1 |    5988 |    3444 |  36.5 |      22 |       9 |  29.0
     Lair:2 |    7238 |     565 |   7.2 |      27 |       1 |   3.6
     Lair:3 |    6742 |    1110 |  14.1 |      24 |      13 |  35.1
     Lair:4 |    7463 |   10097 |  57.5 |      25 |      62 |  71.3
     Lair:5 |    5041 |       0 |   0.0 |      21 |       0 |   0.0
     Lair:6 |    5389 |   11252 |  67.6 |      15 |      45 |  75.0
    Swamp:1 |   13235 |    2575 |  16.3 |      35 |       2 |   5.4
    Swamp:2 |    7285 |       0 |   0.0 |      15 |       0 |   0.0
    Swamp:3 |    9821 |    1647 |  14.4 |      21 |       1 |   4.5
    Swamp:4 |   14114 |   16994 |  54.6 |      30 |      26 |  46.4
    Snake:1 |   13092 |       0 |   0.0 |      22 |       0 |   0.0
    Snake:2 |    5118 |       0 |   0.0 |       9 |       0 |   0.0
    Snake:3 |    7251 |    1339 |  15.6 |      14 |       2 |  12.5
    Snake:4 |   16951 |   37297 |  68.8 |      38 |      64 |  62.7
      Orc:1 |    3909 |    1640 |  29.6 |      31 |       3 |   8.8
      Orc:2 |    1078 |   14669 |  93.2 |      19 |      37 |  66.1
      Elf:1 |   19261 |    8527 |  30.7 |      31 |      15 |  32.6
      Elf:2 |    9905 |   17727 |  64.2 |      19 |      27 |  58.7
      Elf:3 |   24696 |   45910 |  65.0 |      37 |      35 |  48.6
   Vaults:1 |   57208 |    4407 |   7.2 |     114 |       7 |   5.8
   Vaults:2 |   22685 |   52584 |  69.9 |      44 |      65 |  59.6
   Vaults:3 |   42676 |    9502 |  18.2 |      58 |      13 |  18.3
   Vaults:4 |   51623 |   23714 |  31.5 |      88 |      38 |  30.2
   Vaults:5 |    2937 |   36027 |  92.5 |       4 |      35 |  89.7
    Abyss:3 |   10607 |       0 |   0.0 |      14 |       0 |   0.0
      IceCv |       0 |    9098 | 100.0 |       0 |      52 | 100.0
            +---------+---------+-------+---------+---------+-------
